Map: Torri del crepuscolo

Players

Jhyrachy

  • Race: Zerg Zerg
  • League: Silver

Qman - Winner!

  • Race: Terran Terran
  • League: Silver

VOD

Have the link to the VOD?

Description

Time

  • Played on: April 5, 2016, 6:39 p.m.
  • Length: 18:45
Show
View Real Time Build Order
Export as new Build Order

Jhyrachy Zerg 

Build Orders: Hatch First 

Get SALT Encoding   

  12  0:01  Drone  
  13  0:08  Drone  
  14  0:17  Overlord  
  14  0:36  Drone  
  14  0:37  Drone x2  
  17  0:56  Hatchery, Drone  
  17  1:09  Extractor  
  16  1:15  Spawning Pool  
  16  1:16  Drone  
  16  1:18  Drone  
  17  1:27  Drone  
  18  1:35  Drone  
  19  1:46  Overlord  
  19  1:56  Drone  
  20  2:04  Queen  
  20  2:08  Queen  
  22  2:11  Zergling x2  
  22  2:12  Zergling x2  
  22  2:13  Metabolic Boost  
  26  2:19  Drone x2  
  27  3:06  Queen  
  27  3:10  Drone x3, Extractor  
  27  3:12  Hatchery  
  30  3:14  Drone  
  30  3:15  Drone x2  
  33  3:38  Evolution Chamber  
  32  3:43  Roach Warren  
  31  4:00  Baneling Nest  
  31  4:06  Zerg Melee Weapons Level 1  
  31  4:10  Drone x5  
  31  4:12  Overlord x3  
  36  4:50  Zergling x2  
  36  4:51  Zergling x26  
  50  5:07  Pneumatized Carapace  
  50  5:16  Zergling x10  
  50  5:17  Zergling x6  
  57  5:57  Lair  
  57  6:00  Drone  
  57  6:01  Drone x7  
  60  6:24  Zergling x14  
  56  6:36  Zergling x2  
  56  6:37  Zergling x18  
  61  6:41  Queen x2  
  55  7:00  Queen  
  53  7:10  Zerg Melee Weapons Level 2  
  41  8:01  Drone x2  
  41  8:02  Drone x12  
  55  8:49  Zergling x2, Burrow  
  55  8:50  Zergling x20  
  66  9:01  Overlord x3  
  66  9:07  Baneling  
  66  9:08  Baneling x5  
  66  9:40  Baneling x3  
  66  9:41  Baneling x24  
  66  9:42  Baneling  
  64  10:16  Spire  
  63  10:21  Overlord x2  
  63  10:22  Overlord x2  
  63  10:39  Queen x3  
  63  10:40  Drone x5  
  63  10:41  Drone x4  
  78  10:43  Drone  
  68  11:15  Spore Crawler  
  63  11:28  Corruptor x2  
  65  11:38  Corruptor  
  62  11:53  Spore Crawler  
  61  12:02  Spore Crawler  
  50  12:40  Drone x6  
  50  12:41  Drone x7  
  63  13:00  Queen x3  
  69  13:21  Baneling x2  
  69  13:22  Baneling  
  69  13:27  Drone x4  
  66  13:45  Spine Crawler  
  64  13:56  Drone x3  
  64  13:59  Drone x3  
  64  14:00  Drone x4  
  74  14:10  Baneling x21  
  74  14:11  Baneling x4  
  68  14:43  Hatchery  
  67  14:56  Extractor  
  67  14:58  Drone x3, Extractor  
  67  14:59  Drone x3  
  71  15:15  Queen x3  
  77  15:22  Drone x4  
  77  15:23  Drone x4  
  79  15:46  Drone x4  
  68  16:10  Roach Warren  
  67  16:15  Drone x2  
  67  16:16  Drone x13  
Show
View Real Time Build Order
Export as new Build Order

Qman Terran - Winner!

Build Orders: Reaper Expand, MMM Bio 

Get SALT Encoding   

  12  0:01  SCV  
  13  0:13  SCV  
  14  0:19  Supply Depot  
  14  0:25  SCV  
  15  0:41  SCV  
  16  0:43  Barracks  
  16  0:46  Refinery  
  16  0:53  SCV  
  17  1:05  SCV  
  18  1:17  SCV  
  19  1:31  Reaper  
  19  1:32  Orbital Command  
  20  1:44  Command Center  
  20  1:52  Refinery  
  20  2:12  Barracks Tech Lab  
  20  2:14  Barracks  
  20  2:17  Factory  
  19  2:53  Marine, Stimpack  
  19  2:56  Orbital Command  
  20  3:06  Barracks Reactor  
  20  3:11  Marine, Engineering Bay  
  21  3:14  SCV  
  22  3:24  Factory Tech Lab  
  22  3:26  SCV  
  23  3:27  SCV  
  23  3:29  Marine  
  25  3:38  SCV  
  25  3:39  SCV  
  25  3:40  Starport  
  27  3:50  SCV  
  27  3:51  Siege Tank  
  31  3:57  SCV  
  31  3:58  Barracks  
  32  4:03  Refinery  
  32  4:09  SCV  
  33  4:17  Terran Infantry Weapons Level 1, Barracks  
  33  4:21  SCV  
  34  4:25  Barracks  
  34  4:26  SCV  
  35  4:32  Supply Depot  
  35  4:33  SCV  
  35  4:34  Marine  
  37  4:45  SCV  
  38  4:47  Barracks Tech Lab  
  38  4:48  Medivac  
  40  4:55  Supply Depot  
  40  4:57  SCV  
  41  5:03  Marine x3  
  44  5:07  Barracks Reactor  
  44  5:08  Marine  
  44  5:09  SCV  
  46  5:18  Combat Shields  
  46  5:21  SCV  
  47  5:29  Starport Reactor  
  47  5:35  Fusion Core  
  47  5:52  Marine x5  
  47  5:53  Marine  
  53  5:59  Supply Depot  
  53  6:00  Supply Depot  
  53  6:03  Sensor Tower  
  53  6:09  Marine  
  53  6:10  Marine x4  
  53  7:06  Siege Tank  
  55  7:19  Barracks Reactor  
  55  7:25  Command Center  
  55  7:28  Refinery  
  56  7:30  Orbital Command  
  56  7:31  Supply Depot x2  
  56  7:32  Supply Depot  
  51  7:38  Siege Tank  
  45  8:09  Sensor Tower  
  45  8:19  Command Center  
  45  8:25  SCV  
  46  8:28  Missile Turret  
  46  8:36  Liberator  
  46  8:37  SCV  
  47  8:49  SCV  
  47  8:52  Advanced Ballistics  
  51  9:01  SCV  
  52  9:05  Missile Turret  
  52  9:08  Refinery  
  52  9:11  Marine x6  
  52  9:12  Marine x3  
  52  9:13  SCV  
  52  9:15  Terran Infantry Armor Level 1  
  62  9:18  Armory  
  62  9:19  Liberator  
  62  9:21  Engineering Bay  
  62  9:28  Marine  
  62  9:29  Marine x6  
  62  9:30  Marine x2  
  74  9:46  Marine x2  
  74  9:47  Marine x4  
  77  10:27  Orbital Command  
  77  10:30  Marine  
  77  10:31  Marine x7  
  77  10:32  Marine  
  86  10:48  Marine x2  
  86  10:49  Marine x2  
  90  11:05  Starport  
  90  11:06  Barracks Reactor  
  90  11:07  Terran Ship Weapons Level 1  
  90  11:34  Marine x2  
  90  11:35  Marine x3  
  95  11:40  Medivac  
  95  11:42  Orbital Command  
  97  11:52  Marine x3  
  97  11:53  Marine x2  
  102  12:10  Marine x3, Medivac  
  104  12:35  Medivac x2  
  108  12:38  Marine x2  
  108  12:39  Marine x5  
  108  12:40  Marine x2  
  108  12:43  Terran Infantry Armor Level 2, Terran Infantry Weapons Level 2  
  117  13:00  Supply Depot  
  117  13:06  Supply Depot  
  117  13:11  Liberator x2  
  117  13:15  Cloaking Field  
  117  13:21  Marine x7, SCV  
  125  13:28  Marine x2  
  125  13:33  SCV  
  132  13:39  Marine x7  
  132  13:45  SCV  
  132  13:46  Marine  
  129  13:54  Liberator  
  123  13:57  Marine x2, SCV  
  126  14:03  Marine  
  126  14:04  Marine x4  
  132  14:10  SCV  
  132  14:12  Liberator  
  132  14:14  Marine  
  133  14:28  Supply Depot  
  133  14:29  Refinery, Marine x6, SCV, Supply Depot  
  133  14:30  Supply Depot  
  133  14:31  Supply Depot  
  84  14:32  Marine  
  84  14:37  Liberator  
  85  14:38  Barracks  
  85  14:41  SCV  
  86  14:47  Marine x6  
  86  14:49  Bunker  
  86  14:50  Marine  
  93  14:53  SCV  
  97  15:01  Sensor Tower  
  97  15:03  Terran Ship Weapons Level 2  
  97  15:04  Marine x6, Terran Infantry Weapons Level 3  
  97  15:05  Terran Infantry Armor Level 3  
  103  15:08  Marine  
  104  15:22  Marine x6  
  104  15:26  Marine  
  111  15:40  Marine x4  
  115  15:58  Marauder  
  115  15:59  Marine x4  
  115  16:00  Marine x3  
  124  16:06  Supply Depot  
  124  16:07  Supply Depot x2  
  124  16:08  Supply Depot  
  124  16:17  Marine x5  
  124  16:18  Marine x2  
  131  16:20  Marauder  
  133  16:35  Marine x3  
  133  17:16  Marine x3  
  133  17:17  Marine x5  
  138  17:34  Marine x4  
  142  18:00  Marine x5  
  142  18:01  Marine x3  
  147  18:18  Marine  
Tags
 
Add a new tag
Caveats
  • Supply blocks, unpowered buildings, or Contaminate may cause inaccurate times.
  • Supply counts are checked every 10 seconds.